 Dungeon Crawl Stone Soup version 0.29-a0-90-gc37658a0fe (webtiles) character file.

Game seed: 6829583055443042619

16 cyrus the Skirmisher (level 2, -1/26 HPs)
             Began as a Draconian Fighter on Feb 6, 2022.
             Was a Believer of Lugonu.
             Slain by a rat (3 damage)
             ... on level 1 of the Dungeon.
             The game lasted 00:02:38 (658 turns).

cyrus the Skirmisher (Draconian Fighter)             Turns: 658, Time: 00:02:38

Health: -1/26      AC:  4    Str: 18    XL:     2   Next: 41%
Magic:  2/2        EV: 12    Int:  8    God:    Lugonu [**....]
Gold:   80         SH:  4    Dex: 10    Spells: 1/1 levels left

rFire   . . .      SeeInvis .   a - +0 long sword
rCold   . . .      Faith    .   b - +0 buckler
rNeg    . . .      Spirit   .   (armour unavailable)
rPois   .          Reflect  .   (helmet restricted)
rElec   .          Harm     .   (no cloak)
rCorr   .          Rampage  .   (no gloves)
Will    .....                   (no boots)
Stlth   +.........              (no amulet)
HPRegen 0.08/turn               (no ring)
MPRegen 0.08/turn               (no ring)

@: no status effects
A: AC +4, unfitting armour, cold-blooded
a: Renounce Religion, Depart the Abyss, Bend Space


You were on level 1 of the Dungeon.
You worshipped Lugonu.
Lugonu was pleased with you.
You visited 1 branch of the dungeon, and saw 1 of its levels.

You collected 80 gold pieces.

Inventory:

Hand Weapons
 a - a +0 long sword (weapon)
Armour
 b - a +0 buckler (worn)
Potions
 c - a potion of might


   Skills:
 + Level 3.6 Fighting
 + Level 2.2 Long Blades
 + Level 2.9 Dodging
 + Level 3.1 Shields


You had one spell level left.
You didn't know any spells.
Your spell library was empty.

Dungeon Overview and Level Annotations

Branches:
Dungeon (1/15)

Altars:
Lugonu


Innate Abilities, Weirdness & Mutations

Your plain brown scales are hard. (AC +4)
You cannot fit into any form of body armour.
You are cold-blooded and may be slowed by cold attacks.


Message History

You hit the plant.
The plant begins to die.
The plant is lightly damaged.
The ball python barely misses you. The ball python constricts you.
You block the rat's attack. The ball python closely misses you.
The ball python constricts you.
The dart slug bites the plant.
The plant begins to die.
You escape the ball python's grasp.
You slash the plant!
The plant begins to die.
You tail-slap the plant.
The plant is lightly damaged.
A nearby plant withers and dies.
The ball python misses you. The ball python barely misses you.
The rat closely misses you.
The dart slug briefly extends its eye-stalks.
The ball python bites you. The ball python barely misses you.
The rat bites you but does no damage.
You slash the plant!
The plant is lightly damaged.
A nearby plant withers and dies. x2; The ball python barely misses you.
The ball python closely misses you. The rat bites you but does no damage.
The ball python bites you.
* * * LOW HITPOINT WARNING * * *
The ball python closely misses you.
Unknown command.
You hit the plant but do no damage. You tail-slap the plant.
The plant is lightly damaged.
A nearby plant withers and dies.
The rat misses you. The kobold hits you with a +0 dagger.
* * * LOW HITPOINT WARNING * * *
The dart slug launches a dart at you. The slug dart hits you.
* * * LOW HITPOINT WARNING * * *
The ball python misses you. The ball python grabs you.
The ball python constricts you.
You escape the ball python's grasp.
The kobold hits you with a +0 dagger.
* * * LOW HITPOINT WARNING * * *
The ball python bites the plant.
The plant begins to die.
The ball python grabs the plant.
The ball python constricts the plant.
You slash the plant!
The plant begins to die.
The plant is lightly damaged.
The rat bites you.
You die...

######P..PPP...P #.....
......PP.PP.PPP.PP.PP..#
#.####
#####....P.PP.PP.PP.P..#
#.#### #
#..P...PP.P.PP.P.P.#
#.#... #
##.P<..P.PPP.P.P...#
#.#.##
##P.P.PP.P.PP.P.P#
#.#.##


#P.PP.PP.PP.PP.P# #....# #PP.PP.PPP.PP.PP# ###..# ##PP.PPP...P@P.PP# #..#
##.PPP..PPPPPrKPPP# #.). ##..PPPPP....Sw.PPP# ##.# ##...PPPPPPPPPP..PPP# ##..#
##....PPPPPPPPPP...PP########...# .+..........................w....
##.........###....##.######.###.# ##........##.....##.# #.# #.#
##.....#.##..##.##.# #.# #.# You could see a dart slug, a ball python, a kobold
and a rat.

Vanquished Creatures
  A bat (D:1)
  2 endoplasms (D:1)
  A giant cockroach (D:1)
  2 hobgoblins (D:1)
  3 kobolds (D:1)
  A quokka (D:1)
  2 ball pythons (D:1)
  2 goblins (D:1)
  2 rats (D:1)
16 creatures vanquished.

Vanquished Creatures (others)
  13 plants (D:1)
13 creatures vanquished.

Grand Total: 29 creatures vanquished

Notes
Turn   | Place    | Note
-------+----------+-------------------------------------------
     0 | D:1      | cyrus the Draconian Fighter began the quest for the Orb.
     0 | D:1      | Reached XP level 1. HP: 19/19 MP: 1/1
   184 | D:1      | Reached XP level 2. HP: 26/26 MP: 2/2
   356 | D:1      | Found a faded altar of an unknown god.
   372 | D:1      | Prayed at the altar of an unknown god.
   372 | D:1      | Became a worshipper of Lugonu the Unformed
   372 | D:1      | Reached * piety under Lugonu
   372 | D:1      | Reached ** piety under Lugonu
   657 | D:1      | HP: 1/26 [kobold (1)]
   658 | D:1      | Slain by a rat

Illustrated notes

Levels and vault maps discovered:
D:1:      roderic_crop_circles_arrival_small, layout_loops_corners,
          shapermc_ecumenical_altar_starsandcircs

Action                   || total
-------------------------++-------
Melee: Long sword        ||    63
       Tailslap          ||    15
 Stab: Sleeping          ||     1
Armor: Skin              ||    31
Dodge: Dodged            ||    56
Block: Buckler           ||    18

Table legend: (Time is in decaauts)
 A = Elapsed time spent in this place.
 B = Non-inter-level travel time spent in this place.
 C = Inter-level travel time spent in this place.
 D = Time resting spent in this place.
 E = Time spent auto-exploring this place.
 F = Levels seen in this place.
 G = Mean time per level.
                   A        B        C        D        E       F      G
               +--------+--------+--------+--------+--------+-----+--------+
         Total |    682 |    635 |     47 |      0 |    340 |   1 |  682.0 |
       Dungeon |    682 |    635 |     47 |      0 |    340 |   1 |  682.0 |
               +--------+--------+--------+--------+--------+-----+--------+

Top non-repeatable levels by time:
     D:1: 682 daAuts
